 Dungeon Crawl Stone Soup version 0.31-a0-210-gccc998df9b (webtiles) character file.

Game seed: 12221510238990091087

107580 Pooter the Severer (level 16, -1/149 HPs)
             Began as a Minotaur Berserker on June 28, 2023.
             Was a High Priest of Trog.
             Killed from afar by a deep elf knight (23 damage)
             ... with a shard of ice
             ... on level 1 of the Elven Halls on June 29, 2023.
             The game lasted 02:40:15 (46416 turns).

Pooter the Severer (Minotaur Berserker)            Turns: 46416, Time: 02:40:15

Health: -1/149     AC: 21    Str: 26    XL:     16   Next: 0%
Magic:  15/15      EV: 10    Int:  6    God:    Trog [*****.]
Gold:   193        SH:  0    Dex: 12    Spells: 15/15 levels left

rFire   + . .        a - +5 executioner's axe (venom)
rCold   . . .        (shield currently unavailable)
rNeg    . . .        H - +6 chain mail {rF+}
rPois   +            O - +2 hat {Will+}
rElec   .            (no cloak)
rCorr   .            (no gloves)
SInv    .            L - +0 pair of boots {Stlth+}
Will    ++...        (no amulet) Stlth
                     S - ring of the Modern Deaths {Wiz Slay+2}
HPRegen 0.44/turn    K - +4 ring of slaying
MPRegen 0.14/turn

%: wizardry (x1)
@: on berserk cooldown, slowed, very slow
A: horns 2, retaliatory headbutt, iridescent scales 1, sense surroundings 1,
poison resistance, shaggy fur 1
a: Renounce Religion, Berserk, Trog's Hand, Brothers in Arms


You were on level 1 of the Elven Halls.
You worshipped Trog.
Trog was extremely pleased with you.
You visited 4 branches of the dungeon, and saw 23 of its levels.
You also visited: Volcano.

You collected 2549 gold pieces.
You spent 2356 gold pieces at shops.

Inventory:

Hand Weapons
 a - a +5 executioner's axe of venom (weapon)
   (You acquired it on level 10 of the Dungeon)
 b - a +7 arbalest of flaming
   (You found it on level 9 of the Dungeon)
 s - a +3 eveningstar
   (You found it on level 3 of the Lair of Beasts)
 x - a +3 battleaxe of flaming
   (You found it in a volcano)
 F - the +9 quarterstaff "Beetlebane" {holy, rC+ Str+4}
   (You took it off a centaur on level 13 of the Dungeon)

   Str:       It affects your strength (+4).
   rC:        It protects you from cold.
 Z - a +4 heavy war axe
   (You bought it in a shop on level 10 of the Dungeon)
Missiles
 k - 8 boomerangs (quivered)
 l - 5 javelins
 p - 46 poisoned darts
 E - 4 silver boomerangs
 T - 5 curare-tipped darts
 Y - 8 silver javelins
Armour
 u - a scarf of shadows
   (You bought it in a shop on level 2 of the Orcish Mines)
 H - a +6 chain mail of fire resistance (worn)
   (You took it off Ijyb on level 3 of the Dungeon)
 L - a +0 pair of boots of stealth (worn)
   (You found it on level 11 of the Dungeon)
 O - a +2 hat of willpower (worn)
   (You found it on level 8 of the Dungeon)
 R - quicksilver dragon scales
   (You took it off a centaur on level 9 of the Dungeon)
Jewellery
 e - a +4 ring of protection
   (You found it on level 10 of the Dungeon)
 j - a ring of ice
   (You found it on level 3 of the Dungeon)
 K - a +4 ring of slaying (right hand)
   (You took it off a centaur warrior on level 15 of the Dungeon)
 N - a ring of willpower
   (You found it on level 5 of the Lair of Beasts)
 P - a ring of poison resistance
   (You found it on level 2 of the Dungeon)
 S - the ring of the Modern Deaths (left hand) {Wiz Slay+2}
   (You found it on level 14 of the Dungeon)

   [ring of wizardry]

   It improves your spell success rate.
   Slay:      It affects your accuracy & damage with ranged weapons and melee
   (+2).
Wands
 d - a wand of iceblast (15)
   (You took it off Ijyb on level 3 of the Dungeon)
 f - a wand of flame (36)
   (You found it on level 4 of the Dungeon)
 w - a wand of charming (18)
   (You found it on level 12 of the Dungeon)
 W - a wand of mindburst (2)
   (You found it on level 3 of the Lair of Beasts)
Scrolls
 h - 3 scrolls of silence
 i - a scroll of identify {@r1}
 m - 2 scrolls of vulnerability {!r}
 n - a scroll of revelation
 t - 4 scrolls of teleportation {@r4}
 A - a scroll of fear
 B - 4 scrolls of immolation {!r}
 D - 3 scrolls of noise {!r}
 Q - a scroll of poison
 V - a scroll of fog
Potions
 c - 4 potions of mutation {!q}
 g - 4 potions of attraction {!q}
 o - 8 potions of heal wounds {@q2}
 q - 6 potions of curing {@q1}
 r - 2 potions of ambrosia
 y - 2 potions of enlightenment
 C - 5 potions of might
 I - a potion of haste {@q3}
 J - 2 potions of lignification {!q}
 M - 4 potions of invisibility
 U - 3 potions of resistance
 X - 3 potions of cancellation
Miscellaneous
 v - a sack of spiders
   (You found it on level 5 of the Lair of Beasts)
 z - a phantom mirror
   (You found it on level 15 of the Dungeon)
 G - a lightning rod (4/4) {!a}
   (You found it on level 2 of the Lair of Beasts)


   Skills:
 + Level 15.3 Fighting
 * Level 20.3(20.8) Axes
 - Level 7.6(15.2) Maces & Flails
 - Level 18.0 Ranged Weapons
 + Level 2.5 Throwing
 + Level 4.1 Armour
 + Level 3.7 Dodging
 + Level 2.1 Stealth
 + Level 7.2 Evocations


You had 15 spell levels left.
You didn't know any spells.
Your spell library was empty.

Dungeon Overview and Level Annotations

Branches:
Dungeon (15/15)            Temple (0/1) D:5            Lair (5/5) D:10
  Swamp (0/4) Lair:3       Spider (0/4) Lair:2        Slime (0/5) Lair:5
    Orc (2/2) D:9             Elf (1/3) Orc:2        Vaults (0/5) D:14
 Depths (0/4) D:15        Volcano (visited)

Altars:
Dithmenos
Fedhas
Nemelex Xobeh
Okawaru
Qazlal
Sif Muna
Vehumet
Zin
The Shining One
Jiyva

Shops:
D:2 (   D:3 (   D:4 ?   D:8 !*   D:10 (?   D:11 (   D:15 (   Orc:2 !![:

Annotations:
D:7 2 runed translucent doors


Innate Abilities, Weirdness & Mutations

You have a pair of horns on your head.
You reflexively headbutt those who attack you in melee.
You are partially covered in iridescent scales. (AC +2)
You passively map a small area around you.
Your system is resistant to poisons. (rPois)
You are covered in fur. (AC +1)


Message History

You kill the reaper!
The reaper disappears in a puff of smoke!
The deep elf knight casts a spell.
The deep elf knight flickers and vanishes!
Deactivating autopickup; reactivate with Ctrl-A.
The deep elf demonologist hits you but does no damage.
A deep elf knight comes into view. It is wielding a +0 scimitar.
The Tzitzimitl calls on the powers of darkness!
Your body is wracked with pain!
* * * LOW HITPOINT WARNING * * *
The deep elf knight convulses! x2; Something is bathed in an unholy light!
The deep elf demonologist convulses!
The deep elf pyromancer convulses!
The deep elf knight mumbles some strange words.
The deep elf knight flickers and vanishes!
You barely miss the deep elf demonologist.
You headbutt the deep elf demonologist!
You kill the deep elf demonologist!
Trog accepts your kill.
Trog appreciates your killing of a magic user.
The Tzitzimitl disappears in a puff of smoke!
You have reached level 16!
You feel stronger. Something hits you!
* * * LOW HITPOINT WARNING * * *
You feel a strong urge to attack something.
You hear some strange, mumbled words.
A shard of ice appears from out of thin air!
The shard of ice hits you!!
* * * LOW HITPOINT WARNING * * *
You feel your anger nearly subside.
You are no longer berserk.
You are exhausted.
You feel yourself slow down.
You hear some strange, mumbled words.
A lance of force appears from out of thin air!
The lance of force hits you!!
* * * LOW HITPOINT WARNING * * *
You are knocked back by the lance of force.
You can't see any enemies this would affect, really read the scroll of fear?
As you read the scroll of fear, it crumbles to dust.
You assume a fearsome visage.
Nothing appears to happen.
The deep elf pyromancer casts a spell.
The deep elf pyromancer blinks!
Something hits you!
* * * LOW HITPOINT WARNING * * *
Something hits you.
* * * LOW HITPOINT WARNING * * *
You hear some strange, mumbled words.
A shard of ice appears from out of thin air!
The shard of ice hits you!!
You die...

##### ##...## ##.....##
###########.......##
...............{...##
#########ee).<@.....#
....................#
,..e.ยง.)..........)..#
########...........##
#..........##
##.#.......#
#.##.....## #.###....#*
*... ....#. *


You could see a deep elf knight and a deep elf pyromancer.

Vanquished Creatures
  Kirke (Lair:3)
  A deep elf demonologist (Elf:1)
  Nessos (Orc:2)
  An ettin (D:15)
  Josephine (D:14)
  A fire dragon (Lair:5)
  3 vault guards (D:14)
  Fannar (Orc:1)
  2 rakshasas (D:15)
  A catoblepas (D:15)
  5 centaur warriors
  3 hydras
  3 boulder beetles
  Erica (D:11)
  A dancing weapon (Elf:1)
  2 tengu warriors (D:15)
  10 death yaks
  5 orc high priests (Orc:2)
  Nergalle (Lair:3)
  A deep elf knight (Elf:1)
  Amaemon (Lair:2)
  Sonja (Lair:3)
  2 skysharks
  7 skeletal warriors
  An orb spider (Lair:2)
  3 wizards
  4 deep trolls
  A necromancer (D:15)
  A deep elf archer (D:14)
  4 lindwurms
  7 orc knights
  2 deep elf pyromancers
  2 orc sorcerers
  An oklob plant (Lair:3)
  2 manticores
  18 ugly things
  6 cyclopes
  A toenail golem (Volcano)
  6 black mambas
  6 molten gargoyles
  4 unseen horrors
  2 gargoyles
  An orange demon (Lair:2)
  The ghost of lunkers the Covered, a novice MeWn of Gozag (D:4)
  8 cane toads
  5 efreet
  A yaktaur (D:14)
  6 rime drakes
  A freezing wraith (D:14)
  12 komodo dragons
  A hornet (D:9)
  3 trolls
  7 polar bears (Lair:1)
  17 blink frogs
  5 dream sheep (Lair:5)
  A slime creature (shapeshifter) (D:13)
  13 slime creatures
  2 shadows
  2 water elementals (D:15)
  A spriggan (D:8)
  71 yaks
  5 wyverns
  2 centaur simulacra (D:12)
  8 basilisks
  6 wraiths
  3 fire elementals (Volcano)
  4 hogs (Lair:3)
  A yak (shapeshifter) (D:15)
  Eustachio (D:4)
  3 fire bats (Lair:2)
  3 steam dragons
  2 wargs
  5 hell hounds (Lair:5)
  3 acid dragons
  14 water moccasins
  5 ice beasts
  25 orc warriors
  3 sky beasts
  7 black bears (Lair:1)
  9 ogres
  4 wolves
  11 centaurs
  A phantom (D:4)
  2 kobold brigands
  12 bullfrogs
  4 gnoll sergeants
  2 scorpions
  An earth elemental (Volcano)
  4 killer bees
  5 electric eels
  11 howler monkeys
  5 lava snakes (Lair:5)
  24 orc priests
  3 sleepcaps
  2 hounds
  A jelly (D:6)
  A gnoll bouda (D:4)
  Ijyb (D:3)
  4 iguanas
  19 orc wizards
  Robin (D:4)
  18 gnolls
  11 adders
  4 shadow imps
  4 white imps
  5 ufetubi
  A worm (D:3)
  6 dart slugs
  72 orcs
  11 ball pythons
  5 bats
  8 endoplasms
  4 giant cockroaches
  16 goblins
  8 hobgoblins
  6 jackals
  4 frilled lizards
  12 kobolds
  7 rats
  3 fire vortices (Volcano)
717 creatures vanquished.

Vanquished Creatures (others)
  Urug (Lair:3)
  A fire vortex (Volcano)
2 creatures vanquished.

Grand Total: 719 creatures vanquished

Notes
Turn   | Place    | Note
-------+----------+-------------------------------------------
     0 | D:1      | Pooter the Minotaur Berserker began the quest for the Orb.
     0 | D:1      | Reached XP level 1. HP: 19/19 MP: 0/0
   184 | D:1      | Reached skill level 4 in Axes
   200 | D:1      | Reached XP level 2. HP: 24/27 MP: 1/1
   314 | D:1      | Reached skill level 1 in Ranged Weapons
   505 | D:1      | Found a faded altar of an unknown god.
   609 | D:2      | Found Foar's Weapon Shoppe.
   617 | D:2      | Bought a +0 sling for 16 gold pieces
   686 | D:2      | Reached XP level 3. HP: 33/33 MP: 2/2
   765 | D:2      | Reached ** piety under Trog
   789 | D:2      | Identified the +0 helmet "Eluiricru" {Rampage Fly Int+3
                  | Slay-6}
  1256 | D:3      | Reached XP level 4. HP: 40/40 MP: 3/3
  1275 | D:3      | You fall into a shaft and drop 2 floors!
  1275 | D:5      | Entered Level 5 of the Dungeon
  1288 | D:5      | Reached skill level 5 in Axes
  1398 | D:5      | Noticed a scorpion
  1406 | D:5      | Killed a scorpion
  1407 | D:5      | Reached XP level 5. HP: 47/47 MP: 4/4
  1472 | D:5      | Found a staircase to the Ecumenical Temple.
  1505 | D:5      | Reached skill level 5 in Fighting
  1505 | D:5      | Reached skill level 6 in Axes
  1646 | D:5      | Reached XP level 6. HP: 49/56 MP: 5/5
  1752 | D:5      | Noticed an ice beast
  1762 | D:5      | Killed an ice beast
  2137 | D:4      | Reached skill level 7 in Axes
  2188 | D:4      | Found Weqeuff's Magic Scroll Shoppe.
  2191 | D:4      | Bought a scroll of identify for 22 gold pieces
  2191 | D:4      | Bought a scroll of blinking for 82 gold pieces
  2191 | D:4      | Bought a scroll of identify for 22 gold pieces
  2298 | D:4      | Noticed Eustachio
  2306 | D:4      | Killed Eustachio
  2307 | D:4      | Reached XP level 7. HP: 62/62 MP: 6/6
  2367 | D:4      | Found a sparkling altar of Nemelex Xobeh.
  2432 | D:4      | Found a runed translucent door.
  2433 | D:4      | Noticed lunkers's ghost (novice MeWn)
  2443 | D:4      | Killed lunkers's ghost
  2444 | D:4      | Reached skill level 8 in Axes
  2497 | D:4      | Noticed Robin
  2506 | D:4      | Killed Robin
  2620 | D:4      | Identified the +2 long sword of Aprotaf {heavy, rN+ Str+3
                  | Dex-4}
  2667 | D:4      | Reached XP level 8. HP: 71/71 MP: 7/7
  2670 | D:4      | Reached skill level 5 in Ranged Weapons
  2675 | D:4      | Reached skill level 9 in Axes
  3063 | D:3      | Noticed Ijyb
  3068 | D:3      | Killed Ijyb
  3245 | D:3      | Found Feyg's Antique Weapon Shop.
  3918 | D:6      | Found an iron altar of Okawaru.
  4369 | D:6      | Reached skill level 10 in Axes
  4476 | D:6      | Found a glowing silver altar of Zin.
  5126 | D:7      | Reached XP level 9. HP: 72/80 MP: 8/8
  5220 | D:7      | Found a large runed translucent door.
  5222 | D:7      | Found a large runed translucent door.
  5268 | D:7      | Reached *** piety under Trog
  5269 | D:7      | Found a shimmering blue altar of Sif Muna.
  5991 | D:8      | Reached skill level 11 in Axes
  6430 | D:8      | Found Qicvieju's Distillery.
  6446 | D:8      | Bought a potion of invisibility for 112 gold pieces
  6446 | D:8      | Bought a potion of mutation for 112 gold pieces
  6446 | D:8      | Bought 2 potions of might for 112 gold pieces
  6631 | D:8      | Found Lamigg's Lightly-Used Armoury.
  7046 | D:8      | Reached skill level 12 in Axes
  7078 | D:9      | Paralysed by a hornet for 3 turns
  7085 | D:9      | Reached XP level 10. HP: 91/91 MP: 9/9
  9494 | D:9      | Found a staircase to the Orcish Mines.
  9637 | D:9      | Reached skill level 1 in Maces & Flails
 10025 | D:9      | Found a glowing golden altar of the Shining One.
 10203 | D:9      | Noticed a purple ugly thing
 10206 | D:9      | Noticed a white ugly thing
 10212 | D:9      | Killed a purple ugly thing
 10219 | D:9      | Killed a white ugly thing
 10220 | D:9      | Reached skill level 13 in Axes
 10220 | D:9      | Reached skill level 10 in Ranged Weapons
 10471 | D:9      | Noticed a centaur warrior
 10485 | D:9      | Killed a centaur warrior
 10668 | D:10     | Entered Level 10 of the Dungeon
 10899 | D:10     | Reached skill level 10 in Fighting
 10930 | D:10     | Found a staircase to the Lair.
 11034 | D:10     | Reached XP level 11. HP: 99/99 MP: 10/10
 11059 | D:10     | Found Gooned's Magic Scroll Shop.
 11067 | D:10     | Bought a scroll of enchant armour for 90 gold pieces
 11067 | D:10     | Bought a scroll of identify for 24 gold pieces
 11067 | D:10     | Bought a scroll of identify for 24 gold pieces
 11734 | D:10     | Found Wuoguot's Weapon Shoppe.
 12050 | Lair:1   | Entered Level 1 of the Lair of Beasts
 12226 | Lair:1   | Reached skill level 14 in Axes
 12557 | Lair:1   | Reached skill level 5 in Maces & Flails
 13054 | Lair:1   | Reached skill level 15 in Axes
 13778 | Lair:1   | Noticed a death yak
 13778 | Lair:1   | Noticed a death yak
 13824 | Lair:1   | Killed a death yak
 13825 | Lair:1   | Reached XP level 12. HP: 103/110 MP: 11/11
 14174 | Lair:1   | Noticed a death yak
 14175 | Lair:1   | Noticed a death yak
 14215 | D:10     | Killed a death yak
 14232 | D:10     | Killed a death yak
 14295 | Lair:1   | Killed a death yak
 14382 | Lair:1   | Found a shadowy altar of Dithmenos.
 14525 | Lair:2   | Found a dark tunnel.
 14646 | Volcano  | Entered a volcano
 17125 | D:10     | Bought a +2 heavy war axe for 292 gold pieces
 17552 | Lair:2   | Reached skill level 16 in Axes
 17873 | Lair:2   | Found a hole to the Spider Nest.
 17875 | Lair:2   | Reached skill level 1 in Evocations
 18093 | Lair:2   | Noticed Amaemon
 18106 | Lair:2   | Killed Amaemon
 18107 | Lair:2   | Reached XP level 13. HP: 119/119 MP: 12/12
 18387 | Lair:3   | Noticed Kirke
 18407 | Lair:3   | Killed Kirke
 18514 | Lair:3   | Gained mutation: You are partially covered in iridescent
                  | scales. (AC +2) [potion of mutation]
 18514 | Lair:3   | Gained mutation: Your system is resistant to poisons.
                  | (rPois) [potion of mutation]
 18514 | Lair:3   | Gained mutation: You are covered in fur. (AC +1) [potion of
                  | mutation]
 18514 | Lair:3   | Gained mutation: You passively map a small area around you.
                  | [potion of mutation]
 18594 | Lair:3   | Found a staircase to the Swamp.
 19246 | Lair:3   | Noticed Urug
 19532 | Lair:3   | Noticed Sonja
 19557 | Lair:3   | Killed Urug
 19562 | Lair:3   | Killed Sonja
 19712 | Lair:3   | Reached skill level 15 in Ranged Weapons
 20022 | Lair:3   | Noticed Nergalle
 20041 | Lair:3   | Killed Nergalle
 20101 | Lair:3   | Found a blossoming altar of Fedhas.
 21074 | Lair:3   | Reached skill level 17 in Axes
 21910 | Lair:5   | Entered Level 5 of the Lair of Beasts
 22724 | Lair:5   | HP: 2/122 [death yak (18)]
 22993 | Lair:5   | Reached XP level 14. HP: 111/129 MP: 13/13
 23080 | Lair:5   | Found a viscous altar of Jiyva.
 23140 | Lair:5   | Found a staircase to the Slime Pits.
 28362 | Lair:5   | Reached skill level 18 in Axes
 28751 | Lair:5   | Found a large runed translucent door.
 28752 | Lair:5   | Found a large runed translucent door.
 29157 | Orc:1    | Entered Level 1 of the Orcish Mines
 29437 | Orc:2    | Entered Level 2 of the Orcish Mines
 30086 | D:10     | Bought a scroll of acquirement for 624 gold pieces
 30086 | D:10     | Acquired a +4 executioner's axe of venom
 30530 | Orc:2    | Reached **** piety under Trog
 32536 | Orc:2    | Found a radiant altar of Vehumet.
 32551 | Orc:2    | Found a staircase to the Elven Halls.
 33862 | Orc:2    | Reached skill level 5 in Evocations
 33874 | Orc:2    | Noticed Nessos
 34320 | Orc:2    | Killed Nessos
 34613 | Orc:1    | You fall into a shaft and drop 1 floor!
 34720 | Orc:1    | Noticed Fannar
 34729 | Orc:1    | Killed Fannar
 35405 | Orc:2    | Found Pilin's Distillery.
 35408 | Orc:2    | Found Juju's Antique Armour Boutique.
 35409 | Orc:2    | Found Jifiusch's Distillery.
 35410 | Orc:2    | Found Afiumm's Book Shop.
 35413 | Orc:2    | Bought a potion of invisibility for 96 gold pieces
 35413 | Orc:2    | Bought a potion of might for 48 gold pieces
 35413 | Orc:2    | Bought a potion of heal wounds for 60 gold pieces
 35413 | Orc:2    | Bought a potion of enlightenment for 60 gold pieces
 35417 | Orc:2    | Bought a potion of cancellation for 112 gold pieces
 35417 | Orc:2    | Bought a potion of might for 56 gold pieces
 35417 | Orc:2    | Bought a potion of might for 56 gold pieces
 35417 | Orc:2    | Bought a potion of invisibility for 112 gold pieces
 35719 | D:11     | Found Utopeu's Antique Weapon Boutique.
 36293 | D:11     | Noticed Erica
 36305 | D:11     | Killed Erica
 36927 | D:12     | Reached skill level 19 in Axes
 37027 | D:12     | Reached ***** piety under Trog
 37594 | D:12     | Reached XP level 15. HP: 139/139 MP: 14/14
 37815 | D:12     | Found a stormy altar of Qazlal.
 38278 | D:13     | Identified the +9 quarterstaff "Beetlebane" {holy, rC+
                  | Str+4}
 39039 | Orc:2    | Bought an embroidered scarf for 224 gold pieces
 40661 | D:14     | Identified the ring of the Modern Deaths {Wiz Slay+2}
 43304 | D:14     | Noticed Josephine
 43314 | D:14     | Killed Josephine
 43436 | D:14     | Found a gate to the Vaults.
 43698 | D:15     | Entered Level 15 of the Dungeon
 43838 | D:15     | Reached skill level 15 in Fighting
 44097 | D:15     | Reached skill level 1 in Throwing
 44101 | D:15     | Reached skill level 20 in Axes
 44123 | D:15     | Found Veunelum's Weapon Emporium.
 44146 | D:15     | Reached skill level 1 in Stealth
 45618 | D:15     | Found a staircase to the Depths.
 45845 | D:15     | Upgraded the game from 0.31-a0-208-gdb31a4691d to
                  | 0.31-a0-210-gccc998df9b
 46078 | Elf:1    | Entered Level 1 of the Elven Halls
 46405 | Elf:1    | Noticed a Tzitzimitl
 46408 | Elf:1    | Reached XP level 16. HP: 111/149 MP: 15/15
 46416 | Elf:1    | Killed from afar by a deep elf knight

Illustrated notes

Levels and vault maps discovered:
D:1:      lightli_arrival_boilingwater, layout_basic,
          dilly_ecumenical_altar_fadedgnrine
D:2:      layout_basic, serial_shops, nicolae_shop_hallway_stairs,
          serial_forest, infiniplex_forest_lined_2,
          infiniplex_forest_clump_small, infiniplex_forest_end_3,
          infiniplex_forest_lined_room_2, infiniplex_forest_straight_1,
          infiniplex_forest_corner_1, infiniplex_forest_clump_medium,
          infiniplex_forest_lined_3
D:3:      layout_basic, serial_shops, shop_coins, uniq_ijyb
D:4:      minmay_chambers_of_threes, layout_loops_ring,
          mainiacjoe_overflow_surrounded_room, gammafunk_ghost_grave,
          serial_shops, nicolae_shop_stone, uniq_eustachio, uniq_robin
D:5:      layout_basic, minmay_temple_entry_trees
D:6:      layout_basic, mainiacjoe_overflow_24_doors, overflow_temple_1_default,
          st_stairs_1
D:7:      dreamdust_elfheim, layout_loops_ring, mainiacjoe_overflow_alcove_1,
          jmf_multi_god_temple2, hangedman_abyss_or_decor_passed
D:8:      layout_rooms, serial_shops, nicolae_shop_advertising_works
          [nicolae_subvault_shop_adworks], minmay_shop_damaged, the_hattery
D:9:      layout_basic, mainiacjoe_overflow_cross_hatched, erik_orc_4,
          minmay_diamond_spiral
D:10:     layout_long_grid, lair_entry_dummy, serial_shops, shop, shop,
          serial_bayou_pond_a
D:11:     layout_basic, serial_shops, shop, kennysheep_island_fort, uniq_erica
D:12:     layout_roguey, serial_ice, serial_ice_n, serial_ice_j, serial_ice_c,
          serial_ice_a, serial_ice_o, grunt_qazlal_clouds
D:13:     layout_cave_pods
D:14:     layout_roguey, grunt_vaults_entry_fortified, hex_medium,
          uniq_josephine
D:15:     hangedman_depths_entry_civil_slaughter, layout_basic,
          minmay_misc_feat_chi, serial_shops, shop, nicolae_burly_brawl
Lair:1:   beast_lair_carwin_large_4, layout_cellular_growth, basic_altar,
          serial_bayou_shore_a, grunt_megastairs_3
Lair:2:   layout_gridlike, nicolae_spider_entry_orb_guardian,
          nicolae_volcano_entry_batcave, infiniplex_staircase_pool,
          lemuel_fruit_tree, uniq_amaemon
Lair:3:   layout_roguey, swamp_mist_pool, tgw_fedhas, serial_bayou_shore_b,
          lemuel_fruit_fields, serial_bayou_shore_b, uniq_urug, uniq_kirke,
          uniq_sonja, uniq_nergalle
Lair:4:   layout_regular_city, serial_bayou_shore_b
Lair:5:   cheibrodos_lair_end_hotspot, layout_cave_shapes, slime_entry_1
Orc:1:    layout_diamond_mine, basic_altar, uniq_fannar
Orc:2:    st_orc_pillars, layout_diamond_mine, basic_altar, uniq_nessos
Elf:1:    layout_loops_ring, minmay_elf_annihilation, uniq_zenata

Skill      XL: |  1  2  3  4  5  6  7  8  9 10 11 12 13 14 15 |
---------------+----------------------------------------------+-----
Axes           | 4 5 6 7 8 10 12 13 15 16 17 19 20 | 20.3
Ranged Weapons | 1 2 3 4 6 8 10 12 14 15 17 18 | 18.0
Fighting       | 4 5 6 7 9 10 11 12 13 14 15 | 15.3
Maces & Flails | 3 5 7 |  7.6
Evocations     | 1 4 5 7 |  7.2
Throwing       | 2 |  2.5
Armour         | 4 |  4.1
Stealth        | 2 |  2.1
Dodging        | 3 |  3.7

Action                     |  1- 3 |  4- 6 |  7- 9 | 10-12 | 13-15 | 16-18 || total
---------------------------+-------+-------+-------+-------+-------+-------++-------
  Melee: Hand axe          |    76 |    23 |       |       |       |       ||    99
         Headbutt          |    10 |    11 |    41 |    91 |   146 |       ||   299
         Punch             |     1 |       |     1 |       |    11 |       ||    13
         Spear             |       |    36 |    13 |    22 |       |       ||    71
         War axe           |       |       |   215 |   120 |   316 |       ||   651
         Dire flail        |       |       |       |   243 |       |       ||   243
         Trident           |       |       |       |     4 |       |       ||     4
         Battleaxe         |       |       |       |    17 |     8 |       ||    25
         Executioner's axe |       |       |       |       |   269 |       ||   269
         Quarterstaff      |       |       |       |       |     3 |       ||     3
   Fire: Sling             |     5 |     1 |     3 |       |       |       ||     9
         Orcbow            |       |       |    40 |    65 |       |       ||   105
         Arbalest          |       |       |       |   161 |   670 |       ||   831
  Throw: Dart              |       |       |       |    22 |     2 |       ||    24
         Boomerang         |       |       |       |    16 |    12 |       ||    28
 Invoke: Berserk           |       |     2 |     7 |     8 |     8 |       ||    25
         Trog's Hand       |       |     3 |     6 |    24 |    30 |       ||    63
  Evoke: Wand              |       |       |       |    11 |    23 |       ||    34
    Use: Scroll            |     2 |     2 |     5 |    10 |    24 |     1 ||    44
         Potion            |       |       |       |     1 |     4 |       ||     5
   Stab: Betrayed ally     |       |       |       |       |     1 |       ||     1
 Armour: Ring mail         |     3 |       |       |       |       |       ||     3
         Chain mail        |    27 |    24 |   139 |   360 |   508 |       ||  1058
  Dodge: Dodged            |    44 |    16 |   122 |   203 |   272 |       ||   657
  Block: Buckler           |       |     2 |    16 |       |       |       ||    18

Table legend: (Time is in decaauts)
 A = Elapsed time spent in this place.
 B = Non-inter-level travel time spent in this place.
 C = Inter-level travel time spent in this place.
 D = Time resting spent in this place.
 E = Time spent auto-exploring this place.
 F = Levels seen in this place.
 G = Mean time per level.
                   A        B        C        D        E       F      G
               +--------+--------+--------+--------+--------+-----+--------+
         Total |  46897 |  44906 |   1991 |  25180 |  13953 |  24 | 1954.0 |
       Dungeon |  23017 |  21750 |   1267 |   9432 |   9069 |  15 | 1534.5 |
          Lair |  14701 |  14342 |    359 |   8773 |   4027 |   5 | 2940.2 |
  Orcish Mines |   6780 |   6416 |    364 |   4902 |    857 |   2 | 3390.0 |
   Elven Halls |    111 |    111 |      0 |     66 |      0 |   1 |  111.0 |
       Volcano |   2286 |   2286 |      0 |   2006 |      0 |   1 | 2286.0 |
               +--------+--------+--------+--------+--------+-----+--------+

Top non-repeatable levels by time:
  Lair:5: 6848 daAuts
   Orc:2: 5628 daAuts
  Lair:3: 2967 daAuts
    D:14: 2963 daAuts
     D:9: 2893 daAuts
  Lair:1: 2535 daAuts
    D:13: 2357 daAuts
 Volcano: 2286 daAuts
    D:15: 2189 daAuts
     D:8: 2023 daAuts
    D:10: 1784 daAuts
    D:11: 1467 daAuts
  Lair:2: 1294 daAuts
    D:12: 1278 daAuts
   Orc:1: 1152 daAuts
